 Dungeon Crawl Stone Soup version 0.19-a0-1225-gf887c1c (webtiles) character file.

18 Arkorax the Slasher (level 2, -7/20 HPs)
             Began as a High Elf Gladiator on Aug 25, 2016.
             Killed from afar by a white imp (8 damage)
             ... with a puff of frost
             ... summoned by Natasha
             ... on level 2 of the Dungeon.
             The game lasted 00:01:16 (496 turns).

Arkorax the Slasher (High Elf Gladiator)             Turns: 496, Time: 00:01:16

Health: -7/20      AC:  4    Str: 14    XL:     2   Next: 48%
Magic:  3/3        EV: 13    Int: 11    God:
Gold:   13         SH:  0    Dex: 15    Spells: 0 memorised, 1 level left

rFire  . . .     SeeInvis .     a - +0 long sword
rCold  . . .     Gourm    .     b - +0 leather armour
rNeg   . . .     Faith    .     (no shield)
rPois  .         Spirit   .     c - +0 helmet
rElec  .         Dismiss  .     (no cloak)
rCorr  .         Reflect  .     (no gloves)
MR     .....     Harm     .     (no boots)
Stlth  +.........               (no amulet)
                                (no ring)
                                (no ring)

@: no status effects
A: no striking features
a: no special abilities


You were on level 2 of the Dungeon.
You were not hungry.

You visited 1 branch of the dungeon, and saw 2 of its levels.

You collected 13 gold pieces.

Inventory:

Hand Weapons
 a - a +0 long sword (weapon)
Missiles
 Y - 3 throwing nets (quivered)
Armour
 b - a +0 leather armour (worn)
 c - a +0 helmet (worn)
Scrolls
 d - a scroll of remove curse {unknown}
 g - a scroll of enchant armour {unknown}
 h - a scroll of fog {unknown}
Potions
 e - 2 potions of curing {unknown}
Comestibles
 f - a bread ration {!e}
 i - a meat ration {!e}


   Skills:
 + Level 2.4 Fighting
 + Level 3.9 Long Blades
 - Level 2.0 Throwing
 + Level 3.7 Dodging


You had one spell level left.
You didn't know any spells.

Dungeon Overview and Level Annotations

Branches:
Dungeon (2/15)

Altars:

Annotations:
D:2 Natasha


Message History

The bat hits you but does no damage. Natasha barely misses you.
You hit Natasha.
Natasha is almost dead.
The bat hits you but does no damage.
Natasha wildly gestures.
You feel disoriented. Natasha claws you but does no damage.
Natasha mumbles some strange words.
You hit Natasha but do no damage.
Natasha is almost dead.
The bat hits you. Natasha claws you.
* * * LOW HITPOINT WARNING * * *
You hit Natasha but do no damage.
Natasha is almost dead.
The bat barely misses you. x2; Natasha claws you but does no damage.
You hit Natasha but do no damage.
Natasha is almost dead.
The bat barely misses you.
You riposte.
You miss the bat. The bat misses you.
You riposte.
You hit the bat.
You kill the bat!
Natasha casts a spell.
You barely miss Natasha.
Natasha is almost dead.
Natasha claws you.
* * * LOW HITPOINT WARNING * * *
The white imp closely misses you.
The shadow imp disappears for a moment.
The shadow imp closely misses you.
Damage: 5 (max 8)
You barely miss Natasha.
Natasha is almost dead.
Natasha claws you.
* * * LOW HITPOINT WARNING * * *
The white imp hits you but does no damage.
The shadow imp closely misses you. Natasha closely misses you.
You riposte.
You hit Natasha but do no damage.
Natasha is almost dead.
Unknown command.
Unknown command.
Unknown command.
Damage: 2 (max 8)
You are too injured to fight recklessly!
You are too injured to fight recklessly!
Unknown command.
Unknown command.
The white imp barely misses you. Natasha claws you.
* * * LOW HITPOINT WARNING * * *
The white imp gestures at you. The puff of frost hits you!
You die...

. .[.. ... #.
...#..... #.
#..#.#..# #..
.........
####..###..#.....
#..........#....$
#......<.55......
..........h......
.........@.......
.................
#................
####.......####..
.......... .
...........
....###.### ##..
#..


You could see Natasha, a white imp and a shadow imp.

Vanquished Creatures
  A dart slug (D:1)
  A giant gecko (D:1)
  A ball python (D:1)
  7 bats
  A goblin (D:1)
  A hobgoblin (D:1)
  A kobold (D:1)
13 creatures vanquished.

Notes
Turn   | Place    | Note
-------+----------+-------------------------------------------
     0 | D:1      | Arkorax the High Elf Gladiator began the quest for the Orb.
     0 | D:1      | Reached XP level 1. HP: 14/14 MP: 2/2
    59 | D:1      | Reached XP level 2. HP: 20/20 MP: 3/3
   484 | D:2      | Noticed Natasha
   494 | D:2      | HP: 5/20 [Natasha (3)]
   495 | D:2      | HP: 1/20 [Natasha (4)]
   496 | D:2      | Killed from afar by a white imp

Vault maps used:
D:1:      roderic_chinese_lattice_arrival
D:2:      old_standard_altar, nicolae_dithmenos_shadow_blocks, uniq_natasha,
          uniq_sigmund, uniq_terence

Action                   || total
-------------------------++-------
Melee: Long sword        ||    38
Armor: Leather armour    ||    12
Dodge: Dodged            ||    27

Table legend:
 A = Turns spent in this place as a percentage of turns spent in the entire game.
 B = Non-inter-level travel turns spent in this place as a percentage of non-inter-level travel turns spent in the entire game.
 C = Inter-level travel turns spent in this place as a percentage of turns spent in this place.
 D = Turns resting spent in this place as a percentage of non-inter-level travel turns spent in this place.
 E = Turns spent auto-exploring this place as a percentage of non-inter-level travel turns spent in this place.
 F = Non-inter-level travel turns spent in this place divided by the number of levels of this place that you've seen.
                   A       B       C       D       E      F
               +-------+-------+-------+-------+-------+----------------------
         Total | 100.0 | 100.0 |   0.6 |   0.0 |  22.0 |  82.0
       Dungeon | 100.0 | 100.0 |   0.6 |   0.0 |  22.0 |  82.0
               +-------+-------+-------+-------+-------+----------------------

Vault maps used:
D:1:      roderic_chinese_lattice_arrival
D:2:      old_standard_altar, nicolae_dithmenos_shadow_blocks, uniq_natasha,
          uniq_sigmund, uniq_terence
